 Dungeon Crawl Stone Soup version 0.29-a0-323-g050149af67 (webtiles) character file.

Game seed: 5286720315787206140

1184 spaghetti the Tainted (level 8, 0/41 (46) HPs)
             Began as an Octopode Summoner on Apr 11, 2022.
             Was an Initiate of Yredelemnul.
             Slain by a wight
             ... wielding a +3 long sword
              (3 damage)
             ... on level 5 of the Dungeon.
             The game lasted 00:09:31 (4782 turns).

spaghetti the Tainted (Octopode Summoner)           Turns: 4782, Time: 00:09:31

HP:   0/41 (46)     AC:  1    Str: 14    XL:     8   Next: 42%
MP:   8/13          EV: 16    Int: 19    God:    Yredelemnul [......]
Gold: 206           SH:  0    Dex: 14    Spells: 6/12 levels left

rFire   . . .      SeeInvis .   k - +3 dagger (elec) {short}
rCold   . . .      Faith    .   (no shield)
rNeg    . . .      Spirit   .   (helmet restricted)
rPois   .          Reflect  .   o - amulet of regeneration {@e2}
rElec   .          Harm     .   w - +6 ring of strength
rCorr   .          Rampage  .   (no ring)
Will    .....                   (no ring)
Stlth   +++.......              (no ring)
HPRegen 0.93/turn               (no ring)
MPRegen 0.13/turn               (no ring)
                                (no ring)
                                (no ring)

@: heavily drained
A: almost no armour, amphibious, 8 rings, camouflage 1, gelatinous body 1,
(nimble swimmer 1), tentacles, agile 1, mutation resistance 1
a: Renounce Religion, Recall Undead Harvest


You were on level 5 of the Dungeon.
You worshipped Yredelemnul.
Yredelemnul was noncommittal.
You visited 1 branch of the dungeon, and saw 5 of its levels.

You collected 206 gold pieces.


Innate Abilities, Weirdness & Mutations

You cannot wear most types of armour.
You are amphibious.
You can wear up to eight rings at the same time.
Your skin changes colour to match your surroundings (Stealth+).
Your rubbery body absorbs attacks. (AC +1, EV +1)
((You are camouflaged when in or above water. (Stealth+)))
You have tentacles for arms and can constrict up to eight enemies at once.
You are agile. (Dex +2)
You are somewhat resistant to further mutation.


   Skills:
 + Level 6.5 Dodging
 - Level 2.6 Stealth
 - Level 2.9 Spellcasting
 - Level 5.1 Summonings
 + Level 6.8 Invocations


You had 6 spell levels left.
You knew the following spells:

 Your Spells              Type           Power      Damage    Failure   Level
a - Summon Small Mammal   Summ           88%        N/A       1%          1
b - Call Imp              Summ           22%        N/A       2%          2
c - Call Canine Familiar  Summ           22%        N/A       5%          3

Your spell library contained the following spells:

 Spells                   Type           Power      Damage    Failure   Level
 Summon Guardian Golem    Hex/Summ       12%        N/A       16%         3
 Gell's Gravitas          Tloc           2%         N/A       43%         3
 Lesser Beckoning         Tloc           2%         N/A       43%         3
 Teleport Other           Tloc           2%         N/A       43%         3
 Summon Lightning Spire   Summ/Air       12%        N/A       47%         4

Inventory:

Hand Weapons
 d - a +0 hunting sling {sling}
   (You found it on level 1 of the Dungeon)
 h - a +0 dagger {short}
   (You took it off a goblin on level 1 of the Dungeon)
 i - a +2 dagger of protection {short}
   (You took it off a goblin on level 1 of the Dungeon)
 k - a +3 dagger of electrocution (weapon) {short}
   (You took it off a goblin on level 1 of the Dungeon)
Missiles
 f - 151 stones {throwing}
 p - 6 poisoned darts {throwing}
Jewellery
 o - an amulet of regeneration (around mantle) {@e2}
   (You found it on level 3 of the Dungeon)
 r - a ring of resist corrosion
   (You found it on level 3 of the Dungeon)
 w - a +6 ring of strength (left tentacle)
   (You found it on level 4 of the Dungeon)
Wands
 c - a wand of polymorph (7)
   (You found it on level 5 of the Dungeon)
 q - a wand of acid (8)
   (You found it on level 3 of the Dungeon)
Scrolls
 b - 2 scrolls of magic mapping {!r}
 j - 6 scrolls of identify {@r1}
 n - a scroll of enchant armour {unknown}
 t - a scroll of fear {unknown}
 u - a scroll of teleportation {unknown}
 x - a scroll of noise {unknown}
 y - a scroll of torment {unknown}
Potions
 a - a potion of magic
 e - a potion of lignification {!q}
 g - a potion of mutation {!q}
 l - a potion of degeneration {unknown}
 s - a potion of curing {unknown}
 v - a potion of ambrosia {unknown}

Dungeon Overview and Level Annotations

Branches:
Dungeon (5/15)
 Temple: D:4-7

Altars:
Gozag
Yredelemnul

Shops:
D:3

** . ## >.. .#.##
...# #. #..# .#
#..###5.# .##
#......z# ..## #@#
#..# #h# ..# #.#
..# #.#
..##.###########.#
.....##......[...#
<######.##########
.# ####.#
.###.##.#


You could see a wight (ally target), a friendly hound (summoned) and a friendly
crimson imp (summoned).


Message History

No target in view!
No target in view!
No target in view!
No target in view!
No target in view!
No target in view!
No target in view!
No target in view!
No target in view!
You swap places.
Key pressed, stopping explore.
You swap places.
You swap places.
You hear the rapid rusting of a drain. 2 giant cockroaches come into view.
Unknown command.
There are monsters nearby!
There are monsters nearby!
There are monsters nearby!
You hit the giant cockroach. You grab the giant cockroach.
You constrict the giant cockroach.
You kill the giant cockroach!
You hit the giant cockroach. Your grab misses the giant cockroach.
You squeeze the giant cockroach.
You kill the giant cockroach!
A black mist starts to gather...
No target in view!
No target in view!
No target in view!
No target in view!
No target in view!
No target in view!
No target in view!
No target in view!
No target in view!
You swap places.
A rat comes into view.
A rat is nearby!
A rat is nearby!
A rat comes into view.
You hear the drain falling apart.
The helpless rat fails to defend itself.
You puncture the rat! Lightning courses through the rat!!
You kill the rat!
The helpless rat fails to defend itself.
You puncture the rat!
You kill the rat!
No target in view!
No target in view!
No target in view!
Unknown command.
Unknown command.
No target in view!
The walls and floor vibrate strangely for a moment.
You see here a +0 ring mail.
You swap places.
Key pressed, stopping explore.
Unknown command.
You swap places.
Key pressed, stopping explore.
You see here a +0 ring mail.
Key pressed, stopping explore.
You swap places.
Things that are here:
a +0 robe; a +0 short sword {short} You pick up a book of Displacement and begin reading...
You add the spells Lesser Beckoning, Gell's Gravitas and Teleport Other to your library.
f - 151 stones {throwing} (gained 18) Key pressed, stopping explore.
You see here a +0 robe.
c - a wand of polymorph (7)
A wight is nearby!
A wight is nearby!
A wight is nearby!
Found a stone staircase leading down.
The wight hits you with a +3 long sword!
You feel drained. 😮 HP[-14]
You now have 45 max hp (-1).
You take 14 damage, and now have 32/45 hp.
MASSIVE DAMAGE!! (PAUSE)
Casting: Call Canine Familiar (dangerous; 5% risk of failure)
Confirm with . or Enter, or press ? or * to list all spells.
The wight hits you with a +3 long sword!
* * * LOW HITPOINT WARNING * * *
You feel drained.
* * * LOW HITPOINT WARNING * * *
😱 HP[-22] MP[-3]
You now have 43 max hp (-2).
You take 22 damage, and now have 10/43 hp.
MASSIVE DAMAGE!! (PAUSE)
You lost 3 mp, and now have 10/13 mp.
Casting: Call Canine Familiar (dangerous; 5% risk of failure)
Confirm with . or Enter, or press ? or * to list all spells.
A beastly little devil appears in a puff of flame.
The wight hits you with a +3 long sword!
* * * LOW HITPOINT WARNING * * *
You feel drained.
You die...
Your body rises from the dead as a mindless zombie.

Skill      XL: |  1  2  3  4  5  6  7  8 |
---------------+-------------------------+-----
Summonings     | 5 |  5.1
Invocations    | 1 2 4 6 |  6.8
Dodging        | 3 4 5 6 |  6.5
Stealth        | |  2.6
Spellcasting   | |  2.9

Action                   |  1- 3 |  4- 6 |  7- 9 || total
-------------------------+-------+-------+-------++-------
Melee: Unarmed           |     6 |       |       ||     6
       Constrict         |     9 |    12 |     8 ||    29
       Tentacles         |     6 |     7 |     7 ||    20
       Dagger            |    27 |    47 |    32 ||   106
 Cast: Summon Small Mamm |    18 |     8 |     9 ||    35
       Call Imp          |    10 |    10 |    10 ||    30
       Call Canine Famil |     2 |    12 |     9 ||    23
Invok: Dark Bargain      |       |     1 |     1 ||     2
  Use: Scroll            |       |       |     4 ||     4
       Potion            |       |       |     2 ||     2
 Stab: Sleeping          |     4 |     9 |     5 ||    18
Armor: Skin              |     1 |     5 |     3 ||     9
Dodge: Dodged            |    20 |    31 |    32 ||    83

Levels and vault maps discovered:
D:1:      dpeg_arrival_lava_temple_mockup, layout_loops_ring
D:2:      layout_rooms, minivault_11
D:3:      layout_loops_corners, nicolae_gozag_zags_fifth_avenue, serial_shops,
          shop, ebering_ecumenical_altar_sacrificial, uniq_terence
D:4:      layout_loops_cross
D:5:      layout_loops_cross, gup_sewer_entry_spiral, grunt_decor_mini_mirrors

Notes
Turn   | Place    | Note
-------+----------+-------------------------------------------
     0 | D:1      | spaghetti the Octopode Summoner began the quest for the
                  | Orb.
     0 | D:1      | Reached XP level 1. HP: 11/11 MP: 3/3
     0 | D:1      | magus.rc [v1.9.6]
   417 | D:1      | Reached XP level 2. HP: 17/17 MP: 1/5
   547 | D:1      | Learned a level 2 spell: Call Imp
   757 | D:1      | HP: 4/17 [rat (1)]
  1483 | D:2      | Reached XP level 3. HP: 20/21 MP: 1/6
  1487 | D:2      | Learned a level 3 spell: Call Canine Familiar
  1648 | D:2      | Reached skill level 5 in Summonings
  1648 | D:2      | Reached XP level 4. HP: 23/27 MP: 3/8
  2169 | D:3      | Found Lelyeveuja's Assorted Antiques.
  2318 | D:3      | Found a faded altar of an unknown god.
  2331 | D:3      | Prayed at the altar of an unknown god.
  2331 | D:3      | Became a worshipper of Yredelemnul the Dark
  2331 | D:3      | Reached * piety under Yredelemnul
  2652 | D:3      | Found an opulent altar of Gozag.
  2654 | D:3      | Found Gozag's Platinum Reserve.
  2903 | D:4      | Noticed a scorpion
  2918 | D:4      | Killed a scorpion
  2919 | D:4      | Reached skill level 1 in Invocations
  2919 | D:4      | Reached XP level 5. HP: 27/31 MP: 2/9
  3091 | D:4      | Reached skill level 3 in Dodging
  3091 | D:4      | Reached skill level 2 in Invocations
  3228 | D:4      | Reached ** piety under Yredelemnul
  3243 | D:4      | Reached XP level 6. HP: 36/36 MP: 10/10
  3263 | D:4      | Reached skill level 3 in Invocations
  3431 | D:4      | Reached *** piety under Yredelemnul
  3493 | D:4      | Noticed a yak
  3493 | D:4      | Noticed a yak
  3495 | D:4      | Noticed a yak
  3510 | D:4      | Killed a yak
  3511 | D:4      | Reached skill level 4 in Dodging
  3511 | D:4      | Reached skill level 4 in Invocations
  3511 | D:4      | Reached XP level 7. HP: 37/41 MP: 3/11
  3530 | D:4      | Killed a yak
  3535 | D:4      | Killed a yak
  3536 | D:4      | Reached skill level 5 in Dodging
  3536 | D:4      | Reached skill level 5 in Invocations
  3923 | D:5      | Entered Level 5 of the Dungeon
  4294 | D:5      | Reached skill level 6 in Invocations
  4294 | D:5      | Reached XP level 8. HP: 43/46 MP: 3/12
  4380 | D:5      | Reached skill level 6 in Dodging
  4396 | D:5      | HP: 8/43 [wight/+0 long sword (13)]
  4403 | D:5      | HP: 10/41 [wight/+0 long sword (1)]
  4416 | D:4      | Gained mutation: You are agile. (Dex +2) [potion of
                  | mutation]
  4416 | D:4      | Gained mutation: You are somewhat resistant to further
                  | mutation. [potion of mutation]
  4726 | D:5      | You pick up a book of Displacement and begin reading...
  4726 | D:5      | You add the spells Lesser Beckoning, Gell's Gravitas and
                  | Teleport Other to your library.
  4781 | D:5      | HP: 10/43 [wight/+3 long sword (6)]
  4782 | D:5      | HP: 3/43 [wight/+3 long sword (8)]
  4782 | D:5      | Slain by a wight

Vanquished Creatures
  2 necrophages
  2 scorpions
  2 wights (D:4)
  A hound (D:4)
  An iguana (D:5)
  2 adders (D:2)
  A worm (D:5)
  3 orcs
  3 bats
  5 endoplasms
  3 giant cockroaches (D:5)
  4 goblins
  9 hobgoblins
  3 jackals
  5 kobolds
  A quokka (D:4)
  4 ball pythons
  A frilled lizard (D:2)
  4 rats
56 creatures vanquished.

Vanquished Creatures (collateral kills)
  3 yaks (D:4)
  An ogre (D:5)
  2 scorpions
  A wight (D:5)
  3 adders
  3 endoplasms (D:1)
  A giant cockroach (D:4)
  4 goblins (D:1)
  2 hobgoblins
  A jackal (D:5)
  A kobold (D:4)
  A quokka (D:1)
  A bat (D:2)
  A frilled lizard (D:2)
  A rat (D:1)
26 creatures vanquished.

Vanquished Creatures (others)
  A yak zombie (D:4)
  A scorpion zombie (D:5)
  An adder zombie (D:4)
  An iguana zombie (D:5)
  2 hobgoblin zombies (D:4)
  2 jackal zombies (D:4)
  A spectral endoplasm (D:4)
9 creatures vanquished.

Grand Total: 91 creatures vanquished

Table legend:
 A = Non-vault XP
 B = Vault XP
 C = Vault XP percentage of total XP
 D = Non-vault monster count
 E = Vault monster count
 F = Vault count percentage of total count
                 A         B        C        D         E       F
            +---------+---------+-------+---------+---------+-------
      Total |    1679 |      13 |   0.8 |      76 |       6 |   7.3
            +---------+---------+-------+---------+---------+-------
        D:1 |      30 |       0 |   0.0 |      17 |       0 |   0.0
        D:2 |      59 |       0 |   0.0 |      15 |       0 |   0.0
        D:3 |      18 |       0 |   0.0 |      10 |       0 |   0.0
        D:4 |    1083 |       0 |   0.0 |      26 |       0 |   0.0
        D:5 |     489 |      13 |   2.6 |       8 |       6 |  42.9
            +---------+---------+-------+---------+---------+-------

Illustrated notes

Table legend:
 A = Kills in this place as a percentage of kills in entire the game.
 B = Kills by you in this place as a percentage of kills by you in the entire game.
 C = Kills by friends in this place as a percentage of kills by friends in the entire game.
 D = Other kills in this place as a percentage of other kills in the entire game.
 E = Experience gained in this place as a percentage of experience gained in the entire game.
 F = Experience gained in this place divided by the number of levels of this place that you have seen.
                   A       B       C       D       E      F
               +-------+-------+-------+-------+-------+----------------------
         Total | 100.0 | 100.0 | 100.0 |   N/A | 100.0 | 338.4
       Dungeon | 100.0 | 100.0 | 100.0 |   N/A | 100.0 | 338.4
               +-------+-------+-------+-------+-------+----------------------

Table legend: (Time is in decaauts)
 A = Elapsed time spent in this place.
 B = Non-inter-level travel time spent in this place.
 C = Inter-level travel time spent in this place.
 D = Time resting spent in this place.
 E = Time spent auto-exploring this place.
 F = Levels seen in this place.
 G = Mean time per level.
                   A        B        C        D        E       F      G
               +--------+--------+--------+--------+--------+-----+--------+
         Total |   4782 |   4579 |    203 |    650 |   3198 |   5 |  956.4 |
       Dungeon |   4782 |   4579 |    203 |    650 |   3198 |   5 |  956.4 |
               +--------+--------+--------+--------+--------+-----+--------+

Top non-repeatable levels by time:
     D:1: 1394 daAuts
     D:4: 1281 daAuts
     D:2: 732 daAuts
     D:3: 729 daAuts
     D:5: 643 daAuts
